 Dungeon Crawl Stone Soup version 0.22-a0-553-g9358b0b (webtiles) character file.

318 iamserjio the Insei (level 6, 1/51 HPs)
             Began as a Draconian Monk on June 25, 2018.
             Quit the game on level 6 of the Dungeon.
             The game lasted 00:07:17 (1125 turns).

iamserjio the Insei (Draconian Monk)                Turns: 1125, Time: 00:07:17

Health: 1/51       AC:  6    Str: 13    XL:     6   Next: 21%
Magic:  6/6        EV: 13    Int: 12    God:
Gold:   74         SH:  0    Dex: 14    Spells: 5/5 levels left

rFire    . . .     SeeInvis .     - Unarmed
rCold    . . .     Gourm    .   (no shield)
rNeg     . . .     Faith    .   (armour unavailable)
rPois    .         Spirit   .   (helmet restricted)
rElec    .         Reflect  .   (no cloak)
rCorr    .         Harm     .   (no gloves)
MR       .....                  (no boots)
Stlth    +.........             (no amulet)
HPRegen  0.17/turn              o - ring of loudness (curse)
MPRegen  0.10/turn              (no ring)

@: lethally poisoned (1 -> -2), hasted, very quick
A: unfitting armour, cold-blooded, AC +6
a: no special abilities


You were on level 6 of the Dungeon.
You were not hungry.

You visited 1 branch of the dungeon, and saw 6 of its levels.

You collected 74 gold pieces.

Inventory:

Hand Weapons
 g - a +0 hunting sling
 h - a +0 blowgun
Missiles
 b - 47 stones (quivered)
 i - 14 poisoned needles
Jewellery
 o - a cursed ring of loudness (left hand)
Wands
 k - a wand of digging (13)
Scrolls
 d - a scroll of enchant weapon {unknown}
 j - a scroll of enchant armour {unknown}
Comestibles
 a - 2 rations
 c - 2 chunks of flesh


   Skills:
 - Level 3.2 Fighting
 - Level 2.6 Dodging
 - Level 1.7 Stealth
 * Level 7.0 Unarmed Combat


You had 5 spell levels left.
You didn't know any spells.
Your spell library was empty.

Dungeon Overview and Level Annotations

Branches:
Dungeon (6/15)
 Temple: D:4-7

Altars:

Annotations:
D:4 Edmund


Innate Abilities, Weirdness & Mutations

Your plain brown scales are hard. (AC +6)
You cannot fit into any form of body armour.
You are cold-blooded and may be slowed by cold attacks.


Message History

The adder bites you.
* * * LOW HITPOINT WARNING * * *
You are poisoned.
The adder poisons you!
You miss the adder.
The adder is lightly wounded.
You feel sick.
You miss the adder. You tail-slap the adder. You punch the adder.
The adder is heavily wounded.
The adder bites you.
* * * LOW HITPOINT WARNING * * *
You barely miss the adder.
The adder is heavily wounded.
* * * LOW HITPOINT WARNING * * *
You feel sick. The adder closely misses you.
You hit the adder.
The adder is severely wounded.
The adder bites you.
* * * LOW HITPOINT WARNING * * *
Are you sure you want to abandon this character and quit the game? (Confirm with "yes".)

#.# #.# .#
#.######.#
#######.........
............[..
#(.........#
...#..........#.#
.......@......#.#
...#....S.....#.#
#######.####.#
#.## #.# . #..#
#.# .. ##.#
#.##.##
#####'###<....#
#.........#####
#.........[.....


You could see an adder.

Vanquished Creatures
  A jelly (D:5)
  A bullfrog skeleton (D:4)
  3 hounds
  An iguana (D:4)
  A worker ant (D:5)
  Robin (D:4)
  3 adders
  A shadow imp (D:6)
  An ooze (D:2)
  3 dart slugs (D:1)
  3 leopard geckos (D:4)
  3 orcs (D:5)
  2 bats
  3 giant cockroaches
  13 goblins
  3 hobgoblins
  9 jackals
  5 kobolds
  A quokka (D:2)
  3 frilled lizards
  5 rats
66 creatures vanquished.

Notes
Turn   | Place    | Note
-------+----------+-------------------------------------------
     0 | D:1      | iamserjio the Draconian Monk began the quest for the Orb.
     0 | D:1      | Reached XP level 1. HP: 19/19 MP: 1/1
   109 | D:1      | Reached XP level 2. HP: 8/26 MP: 2/2
   274 | D:1      | Reached skill level 4 in Unarmed Combat
   459 | D:3      | Reached XP level 3. HP: 21/31 MP: 3/3
   644 | D:4      | Reached skill level 5 in Unarmed Combat
   644 | D:4      | Reached XP level 4. HP: 23/38 MP: 4/4
   711 | D:5      | Entered Level 5 of the Dungeon
   796 | D:4      | Reached XP level 5. HP: 14/45 MP: 5/5
   800 | D:4      | Noticed Robin
   821 | D:4      | Killed Robin
   821 | D:4      | Reached skill level 6 in Unarmed Combat
   850 | D:4      | Noticed Edmund
  1046 | D:5      | Noticed an ice beast
  1064 | D:5      | Reached XP level 6. HP: 15/51 MP: 6/6
  1082 | D:5      | Noticed an ice beast
  1084 | D:5      | Reached skill level 7 in Unarmed Combat
  1099 | D:6      | HP: 2/51 [shadow imp/nerve-wracking pain (6)]
  1124 | D:6      | HP: 1/51 [adder (3)]
  1125 | D:6      | Quit the game

Vault maps used:
D:1:      erik_arrival_gehennom, minmay_split_cup_small
D:2:      first_ration, st_stairs_3, serial_bayou_lagoon_b
D:3:      item_on_display_a
D:4:      uniq_robin, uniq_edmund
D:6:      chequers_temple_overflow_statue_of_worship,
          minmay_temple_entry_purple_smoke, fedhas_altar_1

Skill      XL: |  1  2  3  4  5  6 |
---------------+-------------------+-----
Unarmed Combat | 4 5 6 7 |  7.0
Fighting       | |  3.2
Dodging        | |  2.6
Stealth        | |  1.7

Action                   |  1- 3 |  4- 6 || total
-------------------------+-------+-------++-------
Melee: Unarmed           |   108 |   169 ||   277
       Tailslap          |    16 |    21 ||    37
       Punch             |       |     5 ||     5
  Use: Potion            |       |     5 ||     5
       Scroll            |       |     3 ||     3
 Stab: Sleeping          |     2 |       ||     2
  Eat: Chunk             |       |     1 ||     1
Armor: Skin              |    26 |    33 ||    59
Dodge: Dodged            |    70 |    88 ||   158

Table legend:
 A = Spawn XP
 B = Non-spawn XP
 C = Spawn XP percentage of total XP
 D = Spawn monster count
 E = Non-spawn monster count
 F = Spawn count percentage of total count
 G = Total turns spent on level
                    A         B        C        D         E        F      G
               +---------+---------+-------+---------+---------+-------+---------
         Total |       0 |     455 |   0.0 |       0 |      66 |   0.0 |  1125
               +---------+---------+-------+---------+---------+-------+---------
           D:1 |       0 |      29 |   0.0 |       0 |      14 |   0.0 |   289
           D:2 |       0 |      25 |   0.0 |       0 |      11 |   0.0 |   115
           D:3 |       0 |      24 |   0.0 |       0 |       7 |   0.0 |   235
           D:4 |       0 |     177 |   0.0 |       0 |      20 |   0.0 |   301
           D:5 |       0 |     189 |   0.0 |       0 |      13 |   0.0 |   155
           D:6 |       0 |      11 |   0.0 |       0 |       1 |   0.0 |    30
               +---------+---------+-------+---------+---------+-------+---------
